| TOP OF THE 1ST |
|
Johnson City Cardinals batting - Pitching for Kingsport Mets : RHP Mark Johnson
|
|
Pitching: RHP Mark Johnson
|
|
|
Batting: RHB Mario Carbajal
|
0-0: Called Strike 0-1: Foul Ball, location: 2F 0-2: Strikes out swinging
|
|
Batting: SHB J.T. Ready
|
0-0: Foul Ball, location: 2F 0-1: Foul Ball, location: 2F 0-2: Ball 1-2: SINGLE (Groundball, 4MS, EV 71.9 MPH) (infield hit)
|
|
Batting: RHB Arnold Schuler
|
0-0: Ground out 5-3 (Groundball, 5S, EV 66.2 MPH) J.T. Ready to second
|
|
Batting: SHB Brad Meyer
|
0-0: Called Strike 0-1: Swinging Strike 0-2: Ball 1-2: Foul Ball, location: 2F 1-2: 2-RUN HOME RUN (Flyball, 9LD, EV 90.6 MPH), Distance : 334 ft
|
|
Batting: RHB Matt McGuire
|
0-0: SINGLE (Line Drive, 3D, EV 105.6 MPH)
|
|
Batting: LHB Pete Mitchell
|
0-0: Ball 1-0: DOUBLE (Line Drive, 7LS, EV 93.8 MPH) Matt McGuire to third Runner from 3rd tries for Home, SAFE, throw by LF to home
|
|
Batting: RHB Diego Herrera
|
0-0: Ball 1-0: Called Strike 1-1: Swinging Strike 1-2: Ball 2-2: Ground out 4-3 (Groundball, 4, EV 92.5 MPH)
|
| Top of the 1st over - 3 runs, 4 hits, 0 errors, 1 left on base; Johnson City 3 - Kingsport 0 |
| BOTTOM OF THE 1ST |
|
Kingsport Mets batting - Pitching for Johnson City Cardinals : RHP Ryan Zart
|
|
Pitching: RHP Ryan Zart
|
|
|
Batting: RHB Eric Zylstra
|
0-0: Ball 1-0: Swinging Strike 1-1: Fly out, F8 (Flyball, 8LXD, EV 83.1 MPH)
|
|
Batting: SHB Josh Thomson
|
0-0: Ball 1-0: Ball 2-0: Ground out U3 (Groundball, 3, EV 110.0 MPH)
|
|
Batting: RHB Jim Freels
|
0-0: Ball 1-0: Called Strike 1-1: Called Strike 1-2: Ball 2-2: Ground out 5-3 (Groundball, 25, EV 84.4 MPH)
|
| Bottom of the 1st over - 0 runs, 0 hits, 0 errors, 0 left on base; Johnson City 3 - Kingsport 0 |
| TOP OF THE 2ND |
|
Johnson City Cardinals batting - Pitching for Kingsport Mets : RHP Mark Johnson
|
|
Batting: RHB Dan Wages
|
0-0: Ball 1-0: Ball 2-0: Called Strike 2-1: Hit by Pitch
|
|
Batting: SHB Felipe Campanella
|
0-0: Foul Ball, location: 2F 0-1: Reached on error, E6 (Groundball, 6, EV 85.0 MPH) Dan Wages to second
|
|
Batting: RHB Mario Carbajal
|
0-0: Foul Ball, location: 2F 0-1: Ball 1-1: Foul Ball, location: 2F 1-2: Foul Ball, location: 2F 1-2: Strikes out looking
|
|
Batting: SHB J.T. Ready
|
0-0: Ball 1-0: Called Strike 1-1: Fielders Choice at 2nd, 3-6 (Groundball, 3S, EV 88.8 MPH) Dan Wages to third
|
|
Batting: RHB Arnold Schuler
|
0-0: Ball 1-0: Called Strike 1-1: Swinging Strike 1-2: 3-RUN HOME RUN (Flyball, 7D, EV 97.5 MPH), Distance : 375 ft
|
|
Batting: SHB Brad Meyer
|
0-0: Called Strike 0-1: Ball 1-1: Ball 2-1: Foul Ball, location: 2F 2-2: Strikes out swinging
|
| Top of the 2nd over - 3 runs, 1 hit, 1 error, 0 left on base; Johnson City 6 - Kingsport 0 |
| BOTTOM OF THE 2ND |
|
Kingsport Mets batting - Pitching for Johnson City Cardinals : RHP Ryan Zart
|
|
Batting: RHB Craig Alvarado
|
0-0: Called Strike 0-1: Fly out, F7 (Line Drive, 78M, EV 86.9 MPH)
|
|
Batting: RHB Chris Artz
|
0-0: Ball 1-0: Ball 2-0: Ball 3-0: Called Strike 3-1: Ground out 5-3 (Groundball, 56S, EV 65.6 MPH)
|
|
Batting: RHB Warren Carmichael
|
0-0: Ball 1-0: Ball 2-0: Called Strike 2-1: SINGLE (Groundball, 15S, EV 71.9 MPH) (infield hit)
|
|
Batting: RHB Artyom Shavkunov
|
0-0: Called Strike 0-1: Called Strike 0-2: Ball 1-2: Foul Ball, location: 2F 1-2: Strikes out swinging
|
| Bottom of the 2nd over - 0 runs, 1 hit, 0 errors, 1 left on base; Johnson City 6 - Kingsport 0 |
| TOP OF THE 3RD |
|
Johnson City Cardinals batting - Pitching for Kingsport Mets : RHP Mark Johnson
|
|
Batting: RHB Matt McGuire
|
0-0: Called Strike 0-1: Foul Ball, location: 2F 0-2: Ball 1-2: Strikes out swinging
|
|
Batting: LHB Pete Mitchell
|
0-0: Ball 1-0: DOUBLE (Flyball, 7LD, EV 104.4 MPH)
|
|
Pitching: RHP Antonio Reyes
|
|
|
Batting: RHB Diego Herrera
|
0-0: Swinging Strike 0-1: Ball 1-1: Ball 2-1: Ball 3-1: Base on Balls
|
|
Batting: RHB Dan Wages
|
0-0: Ball 1-0: Called Strike 1-1: Foul Ball, location: 2F 1-2: Ball 2-2: Strikes out swinging
|
|
Batting: SHB Felipe Campanella
|
0-0: Called Strike 0-1: Ball 1-1: Ball 2-1: Ball 3-1: Swinging Strike 3-2: Strikes out swinging
|
| Top of the 3rd over - 0 runs, 1 hit, 0 errors, 2 left on base; Johnson City 6 - Kingsport 0 |
| BOTTOM OF THE 3RD |
|
Kingsport Mets batting - Pitching for Johnson City Cardinals : RHP Ryan Zart
|
|
Batting: LHB Randolph Brodbeck
|
0-0: Ground out 4-3 (Groundball, 34, EV 108.8 MPH)
|
|
Batting: RHB Danny Runberg
|
0-0: Ball 1-0: Foul Ball, location: 2F 1-1: Called Strike 1-2: Ground out U3 (Groundball, 13, EV 80.6 MPH)
|
|
Batting: RHB Eric Zylstra
|
0-0: Called Strike 0-1: Ground out 4-3 (Groundball, 4, EV 101.2 MPH)
|
| Bottom of the 3rd over - 0 runs, 0 hits, 0 errors, 0 left on base; Johnson City 6 - Kingsport 0 |
| TOP OF THE 4TH |
|
Johnson City Cardinals batting - Pitching for Kingsport Mets : RHP Antonio Reyes
|
|
Batting: RHB Mario Carbajal
|
0-0: Ball 1-0: Called Strike 1-1: Foul Ball, location: 2F 1-2: SINGLE (Line Drive, 7LS, EV 101.2 MPH)
|
|
Batting: SHB J.T. Ready
|
0-0: Foul Ball, location: 2F 0-1: Called Strike 0-2: Ball 1-2: Ball 2-2: Ball 3-2: Base on Balls Mario Carbajal to second
|
|
Batting: RHB Arnold Schuler
|
0-0: Called Strike 0-1: Ball 1-1: Swinging Strike 1-2: Foul Ball, location: 2F 1-2: SINGLE (Line Drive, 9S, EV 107.5 MPH) Mario Carbajal to third J.T. Ready to second Runner from 3rd tries for Home, SAFE, throw by RF to home
|
|
Batting: SHB Brad Meyer
|
0-0: Ball 1-0: Called Strike 1-1: Hit by Pitch J.T. Ready to third Arnold Schuler to second
|
|
Pitching: RHP Jeremy Delka
|
|
|
Batting: RHB Matt McGuire
|
0-0: Called Strike 0-1: Swinging Strike 0-2: Ball 1-2: Ball 2-2: Foul Ball, location: 2F 2-2: Ball 3-2: GRAND SLAM HOME RUN (Flyball, 7LD, EV 97.5 MPH), Distance : 347 ft
|
|
Batting: LHB Pete Mitchell
|
0-0: Called Strike 0-1: Called Strike 0-2: Ball 1-2: Ball 2-2: Ball 3-2: Foul Ball, location: 2F 3-2: Fly out, F8 (Flyball, 8LS, EV 83.8 MPH)
|
|
Batting: RHB Diego Herrera
|
0-0: Ball 1-0: DOUBLE (Groundball, 5L, EV 105.0 MPH)
|
|
Batting: RHB Dan Wages
|
0-0: Ball 1-0: Called Strike 1-1: Ball 2-1: Swinging Strike 2-2: Strikes out swinging
|
|
Batting: SHB Felipe Campanella
|
0-0: Ball 1-0: Swinging Strike 1-1: Ball 2-1: Foul Ball, location: 2F 2-2: Ball 3-2: Foul Ball, location: 2F 3-2: SINGLE (Groundball, 6S, EV 76.2 MPH) (infield hit) Diego Herrera to third
|
|
Batting: RHB Mario Carbajal
|
0-0: Ball Passed Ball! Diego Herrera scores Felipe Campanella to second 1-0: Foul Ball, location: 2F 1-1: Ball 2-1: SINGLE (Groundball, 6D, EV 110.0 MPH) Felipe Campanella to third Runner from 3rd tries for Home, SAFE, throw by CF to home
|
|
Batting: SHB J.T. Ready
|
0-0: Ball 1-0: Ball 2-0: Called Strike 2-1: Foul Ball, location: 2F 2-2: Ball 3-2: Fly out, F9 (Flyball, 9, EV 91.9 MPH)
|
| Top of the 4th over - 7 runs, 6 hits, 0 errors, 1 left on base; Johnson City 13 - Kingsport 0 |
| BOTTOM OF THE 4TH |
|
Kingsport Mets batting - Pitching for Johnson City Cardinals : RHP Ryan Zart
|
|
Batting: SHB Josh Thomson
|
0-0: Ball 1-0: Called Strike 1-1: Ball 2-1: SINGLE (Groundball, 34D, EV 103.1 MPH)
|
|
Batting: RHB Jim Freels
|
0-0: Called Strike Josh Thomson is caught stealing 2nd base 2-4 0-1: Ball 1-1: Ball 2-1: Ground out U3 (Groundball, 3S, EV 70.0 MPH)
|
|
Batting: RHB Craig Alvarado
|
0-0: Foul Ball, location: 2F 0-1: Ground out 5-3 (Groundball, 56, EV 88.8 MPH)
|
| Bottom of the 4th over - 0 runs, 1 hit, 0 errors, 0 left on base; Johnson City 13 - Kingsport 0 |
| TOP OF THE 5TH |
|
Johnson City Cardinals batting - Pitching for Kingsport Mets : RHP Jeremy Delka
|
|
Pitching: RHP Mike Whitaker
|
|
|
Batting: RHB Arnold Schuler
|
0-0: Ball 1-0: Ball 2-0: Called Strike 2-1: Ball 3-1: Ground out 6-3 (Groundball, 6, EV 86.2 MPH)
|
|
Batting: SHB Brad Meyer
|
0-0: Ball 1-0: Called Strike 1-1: Ball 2-1: Ball 3-1: Base on Balls
|
|
Batting: RHB Matt McGuire
|
0-0: Ball 1-0: Ball 2-0: Ball 3-0: Called Strike 3-1: Grounds into double play, 6-4-3 (Groundball, 6, EV 83.8 MPH)
|
| Top of the 5th over - 0 runs, 0 hits, 0 errors, 0 left on base; Johnson City 13 - Kingsport 0 |
| BOTTOM OF THE 5TH |
|
Kingsport Mets batting - Pitching for Johnson City Cardinals : RHP Ryan Zart
|
|
Batting: RHB Chris Artz
|
0-0: Foul Ball, location: 2F 0-1: Ball 1-1: Foul Ball, location: 2F 1-2: Ball 2-2: Ball 3-2: Foul Ball, location: 2F 3-2: SINGLE (Groundball, 56D, EV 106.9 MPH)
|
|
Batting: RHB Warren Carmichael
|
0-0: Ball 1-0: Called Strike Chris Artz steals 2nd base 1-1: SINGLE (Groundball, 6S, EV 72.5 MPH) (infield hit) Chris Artz to third
|
|
Batting: RHB Artyom Shavkunov
|
0-0: Grounds into double play, 3-6-1 (Groundball, 13, EV 89.4 MPH) Chris Artz scores
|
|
Batting: LHB Randolph Brodbeck
|
0-0: Ball 1-0: Ball 2-0: Ball 3-0: Called Strike 3-1: Foul Ball, location: 2F 3-2: Fly out, F2 (Popup, 2RF, EV 92.5 MPH)
|
| Bottom of the 5th over - 1 run, 2 hits, 0 errors, 0 left on base; Johnson City 13 - Kingsport 1 |
| TOP OF THE 6TH |
|
Johnson City Cardinals batting - Pitching for Kingsport Mets : RHP Mike Whitaker
|
|
Batting: LHB Pete Mitchell
|
0-0: Fly out, F9 (Line Drive, 9, EV 106.9 MPH)
|
|
Batting: RHB Diego Herrera
|
0-0: Ball 1-0: DOUBLE (Line Drive, 78D, EV 107.5 MPH)
|
|
Batting: RHB Dan Wages
|
0-0: Foul Ball, location: 2F 0-1: Swinging Strike 0-2: Foul Ball, location: 2F 0-2: Ball 1-2: Fly out, F8 (Flyball, 8RD, EV 100.6 MPH)
|
|
Batting: SHB Felipe Campanella
|
0-0: Ball 1-0: Swinging Strike 1-1: Foul Ball, location: 2F 1-2: Foul Ball, location: 2F 1-2: Ball 2-2: TRIPLE (Line Drive, 89XD, EV 100.0 MPH) Diego Herrera scores
|
|
Batting: RHB Mario Carbajal
|
0-0: Called Strike 0-1: Called Strike 0-2: Foul Ball, location: 2F 0-2: Ball 1-2: Strikes out swinging
|
| Top of the 6th over - 1 run, 2 hits, 0 errors, 1 left on base; Johnson City 14 - Kingsport 1 |
| BOTTOM OF THE 6TH |
|
Kingsport Mets batting - Pitching for Johnson City Cardinals : RHP Ryan Zart
|
|
Batting: RHB Danny Runberg
|
0-0: Ball 1-0: Foul Ball, location: 2F 1-1: Ball 2-1: Hit by Pitch
|
|
Batting: RHB Eric Zylstra
|
0-0: Ball 1-0: Swinging Strike 1-1: Called Strike Danny Runberg steals 2nd base 1-2: Foul Ball, location: 2F 1-2: Strikes out looking
|
|
Batting: SHB Josh Thomson
|
0-0: Ball 1-0: Ground out 5-3 (Groundball, 56S, EV 88.8 MPH)
|
|
Batting: RHB Jim Freels
|
0-0: Foul Ball, location: 2F 0-1: Ball 1-1: Swinging Strike 1-2: Ball 2-2: Ball 3-2: Foul Ball, location: 2F 3-2: Strikes out swinging
|
| Bottom of the 6th over - 0 runs, 0 hits, 0 errors, 1 left on base; Johnson City 14 - Kingsport 1 |
| TOP OF THE 7TH |
|
Johnson City Cardinals batting - Pitching for Kingsport Mets : RHP Mike Whitaker
|
|
Pitching: RHP Sandro Fibonacci
|
|
|
Batting: SHB J.T. Ready
|
0-0: Foul Ball, location: 2F 0-1: Foul Ball, location: 2F 0-2: Ball 1-2: Foul Ball, location: 2F 1-2: Strikes out looking
|
|
Batting: RHB Arnold Schuler
|
0-0: Called Strike 0-1: Ball 1-1: SINGLE (Groundball, 6M, EV 95.0 MPH)
|
|
Pinch Hitting: LHB Rafael Banda
|
0-0: Ball 1-0: Ball 2-0: Called Strike 2-1: Ball 3-1: Foul Ball, location: 2F 3-2: Strikes out looking
|
|
Batting: RHB Matt McGuire
|
0-0: Called Strike 0-1: Fly out, F9 (Flyball, 9D, EV 84.4 MPH)
|
| Top of the 7th over - 0 runs, 1 hit, 0 errors, 1 left on base; Johnson City 14 - Kingsport 1 |
| BOTTOM OF THE 7TH |
|
Kingsport Mets batting - Pitching for Johnson City Cardinals : RHP Ryan Zart
|
|
Now at 1B: Seung-kab Park
|
|
|
Batting: RHB Craig Alvarado
|
0-0: Called Strike 0-1: Ball 1-1: Ball 2-1: Foul Ball, location: 2F 2-2: Foul Ball, location: 2F 2-2: Strikes out swinging
|
|
Batting: RHB Chris Artz
|
0-0: Ball 1-0: Called Strike 1-1: Swinging Strike 1-2: Foul Ball, location: 2F 1-2: Foul Ball, location: 2F 1-2: Foul Ball, location: 2F 1-2: Strikes out swinging
|
|
Batting: RHB Warren Carmichael
|
0-0: Called Strike 0-1: Ground out 6-3 (Groundball, 4MS, EV 84.4 MPH)
|
| Bottom of the 7th over - 0 runs, 0 hits, 0 errors, 0 left on base; Johnson City 14 - Kingsport 1 |
| TOP OF THE 8TH |
|
Johnson City Cardinals batting - Pitching for Kingsport Mets : RHP Sandro Fibonacci
|
|
Batting: LHB Pete Mitchell
|
0-0: Called Strike 0-1: Foul Ball, location: 2F 0-2: Strikes out swinging
|
|
Batting: RHB Diego Herrera
|
0-0: Called Strike 0-1: Ball 1-1: Swinging Strike 1-2: Ball 2-2: Ball 3-2: Foul Ball, location: 2F 3-2: Strikes out swinging
|
|
Batting: RHB Dan Wages
|
0-0: DOUBLE (Line Drive, 89D, EV 105.0 MPH)
|
|
Batting: SHB Felipe Campanella
|
0-0: Ball 1-0: Foul Ball, location: 2F 1-1: Ball 2-1: Ball 3-1: Base on Balls
|
|
Batting: RHB Mario Carbajal
|
0-0: Called Strike 0-1: Swinging Strike 0-2: Ball 1-2: Foul Ball, location: 2F 1-2: Foul Ball, location: 2F 1-2: Strikes out swinging
|
| Top of the 8th over - 0 runs, 1 hit, 0 errors, 2 left on base; Johnson City 14 - Kingsport 1 |
| BOTTOM OF THE 8TH |
|
Kingsport Mets batting - Pitching for Johnson City Cardinals : RHP Ryan Zart
|
|
Pinch Hitting: RHB Coltin Nellis
|
0-0: SINGLE (Groundball, 4MD, EV 100.6 MPH)
|
|
Batting: LHB Randolph Brodbeck
|
0-0: Ball 1-0: Fly out, F5 (Popup, 25F, EV 83.1 MPH)
|
|
Batting: RHB Danny Runberg
|
0-0: Called Strike 0-1: Ball 1-1: Foul Ball, location: 2F 1-2: Strikes out swinging
|
|
Batting: RHB Eric Zylstra
|
0-0: SINGLE (Groundball, 56D, EV 96.9 MPH) Coltin Nellis to second
|
|
Batting: SHB Josh Thomson
|
0-0: Ball 1-0: Foul Ball, location: 2F 1-1: Called Strike 1-2: Foul Ball, location: 2F 1-2: Fly out, F7 (Line Drive, 7S, EV 95.0 MPH)
|
| Bottom of the 8th over - 0 runs, 2 hits, 0 errors, 2 left on base; Johnson City 14 - Kingsport 1 |
| TOP OF THE 9TH |
|
Johnson City Cardinals batting - Pitching for Kingsport Mets : RHP Sandro Fibonacci
|
|
Now at 1B: Warren Carmichael
|
|
|
Now at 3B: Dan Muse
|
|
|
Batting: SHB J.T. Ready
|
0-0: Called Strike 0-1: Called Strike 0-2: Ball 1-2: Ball 2-2: Ball 3-2: Base on Balls
|
|
Pitching: RHP Ken Tayo
|
|
|
Batting: RHB Arnold Schuler
|
0-0: Ball 1-0: Foul Ball, location: 2F 1-1: Ball 2-1: Foul Ball, location: 2F 2-2: Ball 3-2: Foul Ball, location: 2F 3-2: Reached on error, E6 (Groundball, 6, EV 86.9 MPH) J.T. Ready to second
|
|
Batting: RHB Seung-kab Park
|
0-0: Called Strike 0-1: Swinging Strike 0-2: Foul Ball, location: 2F 0-2: Strikes out swinging
|
|
Batting: RHB Matt McGuire
|
0-0: Foul Ball, location: 2F 0-1: Fly out, F3 (Popup, 3SF, EV 81.2 MPH)
|
|
Batting: LHB Pete Mitchell
|
0-0: Ball 1-0: Hit by Pitch J.T. Ready to third Arnold Schuler to second
|
|
Batting: RHB Diego Herrera
|
0-0: Called Strike 0-1: Called Strike 0-2: Fly out, F8 (Line Drive, 8RD, EV 100.0 MPH)
|
| Top of the 9th over - 0 runs, 0 hits, 1 error, 3 left on base; Johnson City 14 - Kingsport 1 |
| BOTTOM OF THE 9TH |
|
Kingsport Mets batting - Pitching for Johnson City Cardinals : RHP Ryan Zart
|
|
Batting: RHB Jim Freels
|
0-0: Ball 1-0: Foul Ball, location: 2F 1-1: Swinging Strike 1-2: Ball 2-2: Foul Ball, location: 2F 2-2: DOUBLE (Line Drive, 89D, EV 106.2 MPH)
|
|
Batting: RHB Craig Alvarado
|
0-0: Foul Ball, location: 2F 0-1: Foul Ball, location: 2F 0-2: Foul Ball, location: 2F 0-2: Foul Ball, location: 2F 0-2: Foul Ball, location: 2F 0-2: Ball 1-2: Fly out, F8 (Line Drive, 8RM, EV 103.1 MPH)
|
|
Pitching: RHP Steve Holmes
|
|
|
Batting: RHB Chris Artz
|
0-0: Ball 1-0: Called Strike 1-1: Called Strike 1-2: Foul Ball, location: 2F 1-2: Ball 2-2: Ball 3-2: Foul Ball, location: 2F 3-2: Base on Balls
|
|
Batting: RHB Warren Carmichael
|
0-0: Called Strike 0-1: Fielders Choice at 2nd, 6-4 (Groundball, 56, EV 93.8 MPH) Jim Freels to third
|
|
Batting: RHB Dan Muse
|
0-0: Called Strike 0-1: Ball 1-1: Foul Ball, location: 2F 1-2: Strikes out swinging, 2-3 out at first.
|
| Bottom of the 9th over - 0 runs, 1 hit, 0 errors, 2 left on base; Johnson City 14 - Kingsport 1 |
|